Ice Caps vs Phantoms

Created - Thursday, December 18, 2014 at 23:34

Goals
1 2 3 T
Ice Caps 0 1 1 2
Phantoms 0 1 0 1
Shots
1 2 3 T
Ice Caps 12 4 11 27
Phantoms 6 10 5 21

1st period

No Goal

Penalties :
Harri Pesonen (ADR) for Hooking (Minor) at 0:23, Josh Lunden (ADR) for Fighting (Major) at 3:38, Rasmus Rissanen (STJ) for Fighting (Major) at 3:38, Zack FitzGerald (ADR) for Hooking (Minor) at 8:17, Randy Jones (ADR) for Fighting (Major) at 11:04, Seth Helgeson (STJ) for Fighting (Major) at 11:04

2nd period

1. Phantoms , Randy Jones 2 (Dmitrij Jaskin, Adam Lowry) at 0:10 (PP)
2. Ice Caps , Colin Smith 3 (Michael Schumacher, Joel Edmundson) at 2:53

Penalties :
Greg McKegg (STJ) for Elbowing (Minor) at 0:03, Zack FitzGerald (ADR) for Hooking (Minor) at 7:57, Josh Lunden (ADR) for Fighting (Major) at 10:42, Seth Helgeson (STJ) for Fighting (Major) at 10:42, Zack Stortini (ADR) for Fighting (Major) at 19:00, Cody Beach (STJ) for Fighting (Major) at 19:00, Zack Stortini (ADR) for instigated a fight (Minor) at 19:00, Zack Stortini (ADR) for instigated a fight (10 Minutes Misconduct) at 19:00

3rd period

3. Ice Caps , Daniil Tarasov 9 (Klas Dahlbeck, Garret Ross) at 18:48 (PP)

Penalties :
Keegan Lowe (ADR) for Roughing (Minor) at 8:22, Martin Gernat (ADR) for Fighting (Major) at 10:40, Cody Beach (STJ) for Fighting (Major) at 10:40, Rasmus Rissanen (STJ) for Roughing (Minor) at 14:50, Zack FitzGerald (ADR) for Roughing (Minor) at 17:48, Adam Lowry (ADR) for Goalie Interference (Minor) at 19:54

Goalie Stats

Nathan Lieuwen (STJ), 20 saves from 21 shots - (0.952), W, 17-3-9, 60:00 minutes
Marek Mazanec (ADR), 25 saves from 27 shots - (0.926), L, 4-3-6, 59:19 minutes

Players Stats for Ice Caps

Player Name              G  A  P  +/- PIM S  H  SB GA TA FO     MP     PP MP  PK MP  
------------------------------------------------------------------------------------
Brandon Davidson         0  0  0   0  0   3  3  3  1  1  0/0    23:38   6:38   1:21 
Cody Beach               0  0  0   1  10  1  4  1  3  0  1/1    12:34   0:00   0:09 
Colin Smith              1  0  1   1  0   1  1  2  1  0  4/8    15:29   0:00   0:00 
Corey Cowick             0  0  0   0  0   1  3  0  1  1  0/1    19:41   5:43   0:03 
Daniil Tarasov           1  0  1   0  0   6  3  0  2  1  0/1    18:17   5:17   0:00 
Garret Ross              0  1  1   0  0   5  1  0  6  1  0/1    20:11   5:17   2:03 
Greg McKegg              0  0  0   0  2   0  2  0  0  2  9/19   22:10   5:17   0:58 
Joel Edmundson           0  1  1   1  0   0  0  1  0  0  0/0    12:57   0:00   0:00 
Klas Dahlbeck            0  1  1   0  0   3  2  0  2  2  0/0    27:41   6:38   1:21 
Kory Nagy                0  0  0   0  0   2  1  0  1  0  1/2    19:32   5:43   0:00 
Maxim Kitsyn             0  0  0   0  0   0  1  0  0  0  0/0     4:39   0:00   0:00 
Michael Schumacher       0  1  1   1  0   1  1  2  2  0  1/1    15:29   0:00   0:00 
Rasmus Rissanen          0  0  0   1  7   0  2  3  0  2  0/0    12:52   0:00   0:00 
Riley Wetmore            0  0  0   0  0   2  0  0  1  0  0/1    10:06   0:00   0:54 
Rylan Schwartz           0  0  0   0  0   0  2  0  0  0  6/11   19:24   5:43   0:14 
Scott Mayfield           0  0  0   0  0   1  3  1  0  0  0/0    21:21   4:22   0:45 
Seth Helgeson            0  0  0   0  10  0  0  3  0  0  0/0    17:04   4:22   0:45 
Thomas Larkin            0  0  0   0  0   1  0  0  0  1  0/0     4:51   0:00   0:00 

Players Stats for Phantoms

Player Name              G  A  P  +/- PIM S  H  SB GA TA FO     MP     PP MP  PK MP  
------------------------------------------------------------------------------------
Adam Lowry               0  1  1   0  2   0  0  0  0  0  3/4    23:14   0:30   4:22 
Bryan Lerg               0  0  0   0  0   2  0  0  4  1  7/11   18:35   1:14   2:58 
Chris Langkow            0  0  0  -1  0   0  2  0  2  0  4/8    14:37   0:22   0:00 
Denver Manderson         0  0  0   0  0   2  0  0  3  0  2/2    17:04   0:00   4:20 
Dmitrij Jaskin           0  1  1   0  0   1  3  1  3  0  0/0    11:58   0:52   0:00 
Garnet Exelby            0  0  0   0  0   4  3  1  1  2  0/0    26:04   0:46   6:32 
Garrett Wilson           0  0  0   0  0   0  0  1  2  0  1/1    16:37   1:14   0:00 
Greg Zanon               0  0  0  -1  0   1  0  1  0  1  0/0    18:36   0:20   3:56 
Harri Pesonen            0  0  0  -1  2   2  1  0  0  0  1/3    21:55   0:52   1:14 
Jerome Gauthier-Leduc    0  0  0   0  0   0  0  0  0  0  0/0     0:00   0:00   0:00 
Josh Lunden              0  0  0  -1  10  2  1  0  0  1  0/1    10:59   0:00   1:45 
Keegan Lowe              0  0  0   0  2   1  1  1  0  2  0/0    20:51   0:59   4:47 
Mark Van Guilder         0  0  0   0  0   0  0  1  3  2  6/16   21:09   0:00   7:40 
Martin Gernat            0  0  0  -1  5   1  0  2  1  3  0/0    22:28   1:00   4:46 
Randy Jones              1  0  1   0  5   4  0  0  0  2  0/0    13:24   1:07   0:00 
Steve MacIntyre          0  0  0   0  0   0  0  0  0  0  0/0     0:00   0:00   0:00 
Zack FitzGerald          0  0  0   0  6   0  1  0  0  0  0/0    18:49   0:00   1:59 
Zack Stortini            0  0  0   0  17  1  2  0  1  0  0/0    12:48   1:14   0:00 

3 Stars

1 - Nathan Lieuwen (STJ)
2 - Colin Smith (STJ)
3 - Daniil Tarasov (STJ)

Power Play

Ice Caps - 1 on 7 Attempt(s) - 14.29%
Phantoms - 1 on 2 Attempt(s) - 50.00%

Penalty Kill

Ice Caps - 1 on 2 Attempt(s) - 50.00% - Score 0 goal in Penalty Kill
Phantoms - 6 on 7 Attempt(s) - 85.71% - Score 0 goal in Penalty Kill

Official

Referees : Unknown
Linesman : Unknown

Game Notes

Rasmus Rissanen beats up Josh Lunden at 3:38 of 1st period
Randy Jones beats up Seth Helgeson at 11:04 of 1st period
Josh Lunden beats up Seth Helgeson at 10:42 of 2nd period
Zack Stortini beats up Cody Beach at 19:00 of 2nd period
Cody Beach beats up Martin Gernat at 10:40 of 3rd period

Finance

Level 1 -- Attendance: 1405 (70.25%) -- Ticket Income $30,910
Level 2 -- Attendance: 709 (70.90%) -- Ticket Income $5,672
Total Attendance: 2114 (70.47%)
Total Ticket Income: $36,582
Other Income: $17,925
Total Income: $54,507

Ice Caps

5 vs 5 Forward 
   Center                   Left Wing                Right Wing               Time % Phy DF OF 
 1 Greg McKegg              Garret Ross              Daniil Tarasov           35     1   2  2  
 2 Rylan Schwartz           Corey Cowick             Kory Nagy                30     1   2  2  
 3 Colin Smith              Michael Schumacher       Cody Beach               22     1   2  2  
 4 Riley Wetmore            Maxim Kitsyn             Greg McKegg              13     1   2  2  

5 vs 5 Defense 
   Defense                  Defense                                           Time % Phy DF OF 
 1 Klas Dahlbeck            Brandon Davidson                                  35     1   2  2  
 2 Scott Mayfield           Seth Helgeson                                     30     1   2  2  
 3 Rasmus Rissanen          Joel Edmundson                                    22     1   2  2  
 4 Thomas Larkin            Klas Dahlbeck                                     13     1   2  2  

PowerPlay Forward 
   Center                   Left Wing                Right Wing               Time % Phy DF OF 
 1 Greg McKegg              Garret Ross              Daniil Tarasov           60     1   2  2  
 2 Rylan Schwartz           Corey Cowick             Kory Nagy                40     1   2  2  

PowerPlay Defense
   Defense                  Defense                                           Time % Phy DF OF 
 1 Klas Dahlbeck            Brandon Davidson                                  60     1   2  2  
 2 Scott Mayfield           Seth Helgeson                                     40     1   2  2  

Penalty Kill 4 Players Forward 
   Center                   Wing                     Time % Phy DF OF 
 1 Greg McKegg              Garret Ross              60     1   2  2  
 2 Daniil Tarasov           Rylan Schwartz           40     1   2  2  

Penalty Kill 4 Players Defense
   Defense                  Defense                  Time % Phy DF OF 
 1 Klas Dahlbeck            Brandon Davidson         60     1   2  2  
 2 Scott Mayfield           Seth Helgeson            40     1   2  2  

Penalty Kill - 3 Players Forward 
   Forward                                           Time % Phy DF OF 
 1 Greg McKegg                                       60     1   2  2  
 2 Garret Ross                                       40     1   2  2  

Penalty Kill - 3 Players Defense
   Defense                  Defense                  Time % Phy DF OF 
 1 Klas Dahlbeck            Brandon Davidson         60     1   2  2  
 2 Scott Mayfield           Seth Helgeson            40     1   2  2  

4 vs 4 Forward 
   Center                   Wing                     Time % Phy DF OF 
 1 Greg McKegg              Garret Ross              60     1   2  2  
 2 Daniil Tarasov           Rylan Schwartz           40     1   2  2  

4 vs 4 Defense
   Defense                  Defense                  Time % Phy DF OF 
 1 Klas Dahlbeck            Brandon Davidson         60     1   2  2  
 2 Scott Mayfield           Seth Helgeson            40     1   2  2  

Last Minutes Offensive
   Center                   Left Wing                Right Wing               Defense                  Defense                  
   Greg McKegg              Garret Ross              Daniil Tarasov           Klas Dahlbeck            Brandon Davidson         

Last Minutes Defensive
   Center                   Left Wing                Right Wing               Defense                  Defense                  
   Greg McKegg              Garret Ross              Daniil Tarasov           Klas Dahlbeck            Brandon Davidson         

Goaltenders
Starting : Nathan Lieuwen           
Backup : Kristers Gudlevskis      

Extra Forwards
Normal : Colin Smith, Michael Schumacher, Riley Wetmore - PP : Colin Smith, Michael Schumacher - PK : Riley Wetmore
Extra Defensemen
Normal : Rasmus Rissanen, Joel Edmundson, Thomas Larkin - PP : Rasmus Rissanen - PK : Joel Edmundson, Thomas Larkin
Penalty Shots
Greg McKegg, Garret Ross, Daniil Tarasov, Rylan Schwartz, Colin Smith

Phantoms

5 vs 5 Forward 
   Center                   Left Wing                Right Wing               Time % Phy DF OF 
 1 Adam Lowry               Dmitrij Jaskin           Harri Pesonen            35     1   2  2  
 2 Bryan Lerg               Garrett Wilson           Zack Stortini            30     1   2  2  
 3 Mark Van Guilder         Denver Manderson         Adam Lowry               22     1   2  2  
 4 Chris Langkow            Josh Lunden              Harri Pesonen            13     1   2  2  

5 vs 5 Defense 
   Defense                  Defense                                           Time % Phy DF OF 
 1 Garnet Exelby            Randy Jones                                       35     1   2  2  
 2 Martin Gernat            Greg Zanon                                        30     1   2  2  
 3 Keegan Lowe              Zack FitzGerald                                   22     1   2  2  
 4 Garnet Exelby            Martin Gernat                                     13     1   2  2  

PowerPlay Forward 
   Center                   Left Wing                Right Wing               Time % Phy DF OF 
 1 Adam Lowry               Dmitrij Jaskin           Harri Pesonen            60     1   2  2  
 2 Bryan Lerg               Garrett Wilson           Zack Stortini            40     1   2  2  

PowerPlay Defense
   Defense                  Defense                                           Time % Phy DF OF 
 1 Garnet Exelby            Randy Jones                                       60     1   2  2  
 2 Martin Gernat            Keegan Lowe                                       40     1   2  2  

Penalty Kill 4 Players Forward 
   Center                   Wing                     Time % Phy DF OF 
 1 Mark Van Guilder         Adam Lowry               60     1   2  2  
 2 Harri Pesonen            Bryan Lerg               40     1   2  2  

Penalty Kill 4 Players Defense
   Defense                  Defense                  Time % Phy DF OF 
 1 Garnet Exelby            Keegan Lowe              60     1   2  2  
 2 Martin Gernat            Zack FitzGerald          40     1   2  2  

Penalty Kill - 3 Players Forward 
   Forward                                           Time % Phy DF OF 
 1 Harri Pesonen                                     60     1   2  2  
 2 Adam Lowry                                        40     1   2  2  

Penalty Kill - 3 Players Defense
   Defense                  Defense                  Time % Phy DF OF 
 1 Garnet Exelby            Randy Jones              60     1   2  2  
 2 Martin Gernat            Greg Zanon               40     1   2  2  

4 vs 4 Forward 
   Center                   Wing                     Time % Phy DF OF 
 1 Garrett Wilson           Adam Lowry               60     1   2  2  
 2 Harri Pesonen            Bryan Lerg               40     1   2  2  

4 vs 4 Defense
   Defense                  Defense                  Time % Phy DF OF 
 1 Garnet Exelby            Zack FitzGerald          60     1   2  2  
 2 Martin Gernat            Randy Jones              40     1   2  2  

Last Minutes Offensive
   Center                   Left Wing                Right Wing               Defense                  Defense                  
   Adam Lowry               Dmitrij Jaskin           Harri Pesonen            Garnet Exelby            Randy Jones              

Last Minutes Defensive
   Center                   Left Wing                Right Wing               Defense                  Defense                  
   Adam Lowry               Dmitrij Jaskin           Harri Pesonen            Garnet Exelby            Randy Jones              

Goaltenders
Starting : Marek Mazanec            
Backup : Johan Hedberg            

Extra Forwards
Normal : Mark Van Guilder, Chris Langkow, Denver Manderson - PP : Mark Van Guilder, Chris Langkow - PK : Denver Manderson
Extra Defensemen
Normal : Keegan Lowe, Zack FitzGerald, Martin Gernat - PP : Keegan Lowe - PK : Zack FitzGerald, Martin Gernat
Penalty Shots
Chris Langkow, Adam Lowry, Harri Pesonen, Bryan Lerg, Garrett Wilson

% Time on Ice - Ice Caps

Lines # - Real PCT - Wanted PCT - Time Play
Normal Forward
1 - 28% - 35% - 12:54
2 - 29% - 30% - 13:27
3 - 33% - 22% - 15:29
4 - 10% - 13% - 4:39
Normal Defense
1 - 33% - 35% - 15:14
2 - 35% - 30% - 16:14
3 - 24% - 22% - 10:58
4 - 9% - 13% - 4:03
PP Forward
1 - 48% - 60% - 5:17
2 - 52% - 40% - 5:43
PP Defense
1 - 60% - 60% - 6:38
2 - 40% - 40% - 4:22
PK Forward
1 - 100% - 60% - 2:06
2 - 0% - 40% - 0:00
PK Defense
1 - 64% - 60% - 1:21
2 - 36% - 40% - 0:45
PK3 Forward
1 - 0% - 60%
2 - 0% - 40%
PK3 Defense
1 - 0% - 60%
2 - 0% - 40%
44 Forward
1 - 0% - 60%
2 - 0% - 40%
44 Defense
1 - 0% - 60%
2 - 0% - 40%
Last Minute Offensive  - 0:00
Last Minute Defensive  - 0:25
Total
Forward - 60:00
Defense - 60:00

% Time on Ice - Phantoms

Lines # - Real PCT - Wanted PCT - Time Play
Normal Forward
1 - 22% - 35% - 10:18
2 - 34% - 30% - 15:36
3 - 18% - 22% - 8:09
4 - 27% - 13% - 12:26
Normal Defense
1 - 35% - 35% - 16:03
2 - 30% - 30% - 14:03
3 - 27% - 22% - 12:25
4 - 9% - 13% - 3:58
PP Forward
1 - 41% - 60% - 0:52
2 - 59% - 40% - 1:14
PP Defense
1 - 53% - 60% - 1:07
2 - 47% - 40% - 0:59
PK Forward
1 - 80% - 60% - 8:45
2 - 20% - 40% - 2:15
PK Defense
1 - 60% - 60% - 6:33
2 - 40% - 40% - 4:27
PK3 Forward
1 - 0% - 60%
2 - 0% - 40%
PK3 Defense
1 - 0% - 60%
2 - 0% - 40%
44 Forward
1 - 0% - 60%
2 - 0% - 40%
44 Defense
1 - 0% - 60%
2 - 0% - 40%
Last Minute Offensive  - 0:25
Last Minute Defensive  - 0:00
Total
Forward - 60:00
Defense - 60:00

Play by Play

1st period


0:01 of 1st period - Adam Lowry wins face-off versus Daniil Tarasov in neutral zone.
0:09 of 1st period - Randy Jones is hit by Klas Dahlbeck and loses puck.
0:23 of 1st period - Minor Penalty to Harri Pesonen for Hooking.
0:24 of 1st period - Greg McKegg wins face-off versus Mark Van Guilder in Phantoms zone.
0:26 of 1st period - Slapshot by Klas Dahlbeck.
0:26 of 1st period - Shot Blocked by Garnet Exelby.
0:42 of 1st period - Slapshot by Garnet Exelby.
0:42 of 1st period - Deflect By Mark Van Guilder.
0:42 of 1st period - Shot Blocked by Brandon Davidson.
0:42 of 1st period - Puck is out of play.
0:43 of 1st period - Greg McKegg wins face-off versus Mark Van Guilder in Ice Caps zone.
1:20 of 1st period - Slapshot by Garnet Exelby.
1:20 of 1st period - Stopped by Nathan Lieuwen with a rebound.
1:22 of 1st period - Slapshot by Keegan Lowe.
1:22 of 1st period - Shot Blocked by Brandon Davidson.
1:24 of 1st period - Slapshot by Garnet Exelby.
1:24 of 1st period - Shot Misses the Net.
1:32 of 1st period - Wrist shot by Denver Manderson.
1:32 of 1st period - Stopped by Nathan Lieuwen without a rebound.
1:33 of 1st period - Denver Manderson wins face-off versus Rylan Schwartz in Ice Caps zone.
2:23 of 1st period - Penalty to Harri Pesonen is over, Harri Pesonen is back on ice.
2:27 of 1st period - Kory Nagy is hit by Harri Pesonen and loses puck.
2:56 of 1st period - Wrist shot by Randy Jones.
2:56 of 1st period - Shot Blocked by Colin Smith.
2:58 of 1st period - Slapshot by Randy Jones.
2:58 of 1st period - Shot Misses the Net.
3:06 of 1st period - Randy Jones is hit by Cody Beach and loses puck.
3:35 of 1st period - Slapshot by Randy Jones.
3:35 of 1st period - Shot Blocked by Rasmus Rissanen.
3:37 of 1st period - Slapshot by Randy Jones.
3:37 of 1st period - Shot Blocked by Rasmus Rissanen.
3:38 of 1st period - Rasmus Rissanen beats up Josh Lunden.
3:38 of 1st period - Penalty to Josh Lunden for Fighting.
3:38 of 1st period - Penalty to Rasmus Rissanen for Fighting.
3:39 of 1st period - Mark Van Guilder wins face-off versus Greg McKegg in Ice Caps zone.
3:58 of 1st period - Slapshot by Martin Gernat.
3:58 of 1st period - Shot Misses the Net.
4:14 of 1st period - Slapshot by Daniil Tarasov.
4:14 of 1st period - Shot Blocked by Martin Gernat.
4:16 of 1st period - Snap shot by Daniil Tarasov.
4:16 of 1st period - Stopped by Marek Mazanec with a rebound.
4:57 of 1st period - Randy Jones is hit by Scott Mayfield and loses puck.
5:08 of 1st period - Slapshot by Randy Jones.
5:08 of 1st period - Shot Blocked by Michael Schumacher.
5:10 of 1st period - Slapshot by Randy Jones.
5:10 of 1st period - Stopped by Nathan Lieuwen without a rebound.
5:11 of 1st period - Cody Beach wins face-off versus Chris Langkow in Ice Caps zone.
5:19 of 1st period - Off-side.
5:20 of 1st period - Chris Langkow wins face-off versus Colin Smith in neutral zone.
5:33 of 1st period - Off-side.
5:34 of 1st period - Bryan Lerg wins face-off versus Greg McKegg in neutral zone.
6:50 of 1st period - Snap shot by Kory Nagy.
6:50 of 1st period - Stopped by Marek Mazanec with a rebound.
7:06 of 1st period - Keegan Lowe is hit by Corey Cowick and loses puck.
7:17 of 1st period - Slapshot by Corey Cowick.
7:17 of 1st period - Shot Misses the Net.
7:57 of 1st period - Wrist shot by Colin Smith.
7:57 of 1st period - Shot Misses the Net.
8:13 of 1st period - Wrist shot by Riley Wetmore.
8:13 of 1st period - Stopped by Marek Mazanec with a rebound.
8:15 of 1st period - Slapshot by Thomas Larkin.
8:15 of 1st period - Stopped by Marek Mazanec with a rebound.
8:17 of 1st period - Minor Penalty to Zack FitzGerald for Hooking.
8:18 of 1st period - Rylan Schwartz wins face-off versus Mark Van Guilder in Phantoms zone.
8:38 of 1st period - Penalty to Josh Lunden is over, Josh Lunden is back on ice.
9:12 of 1st period - Denver Manderson is hit by Daniil Tarasov.
9:41 of 1st period - Icing by Kory Nagy.
9:42 of 1st period - Greg McKegg wins face-off versus Bryan Lerg in Ice Caps zone.
9:56 of 1st period - Adam Lowry is hit by Daniil Tarasov and loses puck.
10:07 of 1st period - Greg Zanon is hit by Corey Cowick and loses puck.
10:17 of 1st period - Penalty to Zack FitzGerald is over, Zack FitzGerald is back on ice.
11:04 of 1st period - Randy Jones beats up Seth Helgeson.
11:04 of 1st period - Penalty to Randy Jones for Fighting.
11:04 of 1st period - Penalty to Seth Helgeson for Fighting.
11:05 of 1st period - Garrett Wilson wins face-off versus Greg McKegg in Ice Caps zone.
11:18 of 1st period - Snap shot by Daniil Tarasov.
11:18 of 1st period - Stopped by Marek Mazanec with a rebound.
11:51 of 1st period - Slapshot by Colin Smith.
11:51 of 1st period - Shot Blocked by Keegan Lowe.
11:53 of 1st period - Slapshot by Scott Mayfield.
11:53 of 1st period - Stopped by Marek Mazanec with a rebound.
12:34 of 1st period - Kory Nagy is hit by Garnet Exelby and loses puck.
13:11 of 1st period - Bryan Lerg is hit by Brandon Davidson and loses puck.
13:58 of 1st period - Garnet Exelby is hit by Cody Beach and loses puck.
14:15 of 1st period - Michael Schumacher is hit by Dmitrij Jaskin and loses puck.
14:26 of 1st period - Scott Mayfield is hit by Chris Langkow and loses puck.
15:09 of 1st period - Slapshot by Kory Nagy.
15:09 of 1st period - Shot Misses the Net.
15:11 of 1st period - Snap shot by Thomas Larkin.
15:11 of 1st period - Shot Blocked by Greg Zanon.
15:53 of 1st period - Harri Pesonen is hit by Garret Ross and loses puck.
16:00 of 1st period - Snap shot by Garret Ross.
16:00 of 1st period - Stopped by Marek Mazanec with a rebound.
16:02 of 1st period - Slapshot by Brandon Davidson.
16:02 of 1st period - Stopped by Marek Mazanec with a rebound.
16:08 of 1st period - Slapshot by Garret Ross.
16:08 of 1st period - Stopped by Marek Mazanec with a rebound.
16:23 of 1st period - Josh Lunden is hit by Klas Dahlbeck and loses puck.
16:45 of 1st period - Off-side.
16:46 of 1st period - Michael Schumacher wins face-off versus Mark Van Guilder in neutral zone.
17:14 of 1st period - Slapshot by Randy Jones.
17:14 of 1st period - Shot Misses the Net.
17:16 of 1st period - Slapshot by Garnet Exelby.
17:16 of 1st period - Stopped by Nathan Lieuwen with a rebound.
17:18 of 1st period - Slapshot by Garnet Exelby.
17:18 of 1st period - Shot Misses the Net.
17:20 of 1st period - Slapshot by Dmitrij Jaskin.
17:20 of 1st period - Stopped by Nathan Lieuwen with a rebound.
18:10 of 1st period - Snap shot by Riley Wetmore.
18:10 of 1st period - Stopped by Marek Mazanec without a rebound.
18:11 of 1st period - Bryan Lerg wins face-off versus Riley Wetmore in Phantoms zone.
18:11 of 1st period - Bryan Lerg is hit by Maxim Kitsyn.
18:19 of 1st period - Snap shot by Garrett Wilson.
18:19 of 1st period - Shot Misses the Net.
19:09 of 1st period - Wrist shot by Denver Manderson.
19:09 of 1st period - Stopped by Nathan Lieuwen with a rebound.
19:11 of 1st period - Wrist shot by Mark Van Guilder.
19:11 of 1st period - Deflect By Denver Manderson.
19:11 of 1st period - Shot Blocked by Rasmus Rissanen.
19:11 of 1st period - Puck is out of play.
19:12 of 1st period - Rylan Schwartz wins face-off versus Mark Van Guilder in Ice Caps zone.
19:18 of 1st period - Off-side.
19:19 of 1st period - Rylan Schwartz wins face-off versus Bryan Lerg in neutral zone.
19:24 of 1st period - Slapshot by Klas Dahlbeck.
19:24 of 1st period - Stopped by Marek Mazanec without a rebound.
19:25 of 1st period - Bryan Lerg wins face-off versus Kory Nagy in Phantoms zone.
19:50 of 1st period - Snap shot by Corey Cowick.
19:50 of 1st period - Shot Misses the Net.
19:52 of 1st period - Snap shot by Kory Nagy.
19:52 of 1st period - Shot Misses the Net.
19:54 of 1st period - Backhand shot by Brandon Davidson.
19:54 of 1st period - Stopped by Marek Mazanec with a rebound.
Goals for this period are 0 for Ice Caps vs 0 for Phantoms.
Shots for this period are 12 for Ice Caps vs 6 for Phantoms.

2nd period


0:01 of 2nd period - Greg McKegg wins face-off versus Adam Lowry in neutral zone.
0:03 of 2nd period - Minor Penalty to Greg McKegg for Elbowing.
0:04 of 2nd period - Adam Lowry wins face-off versus Garret Ross in Ice Caps zone.
0:10 of 2nd period - Slapshot by Randy Jones.
0:10 of 2nd period - Goal by Randy Jones - Ice Caps : 0 - Phantoms : 1.
0:11 of 2nd period - Harri Pesonen wins face-off versus Greg McKegg in neutral zone.
1:16 of 2nd period - Randy Jones is hit by Brandon Davidson and loses puck.
1:30 of 2nd period - Brandon Davidson is hit by Zack Stortini and loses puck.
1:49 of 2nd period - Wrist shot by Keegan Lowe.
1:49 of 2nd period - Shot Misses the Net.
2:17 of 2nd period - Slapshot by Randy Jones.
2:17 of 2nd period - Shot Hit the Post.
2:19 of 2nd period - Slapshot by Garnet Exelby.
2:19 of 2nd period - Stopped by Nathan Lieuwen with a rebound.
2:21 of 2nd period - Slapshot by Harri Pesonen.
2:21 of 2nd period - Stopped by Nathan Lieuwen with a rebound.
2:23 of 2nd period - Slapshot by Randy Jones.
2:23 of 2nd period - Stopped by Nathan Lieuwen without a rebound.
2:24 of 2nd period - Chris Langkow wins face-off versus Colin Smith in Ice Caps zone.
2:25 of 2nd period - Snap shot by Martin Gernat.
2:25 of 2nd period - Shot Hit the Post.
2:27 of 2nd period - Snap shot by Harri Pesonen.
2:27 of 2nd period - Shot Misses the Net.
2:29 of 2nd period - Slapshot by Greg Zanon.
2:29 of 2nd period - Shot Misses the Net.
2:31 of 2nd period - Slapshot by Greg Zanon.
2:31 of 2nd period - Shot Blocked by Michael Schumacher.
2:33 of 2nd period - Wrist shot by Harri Pesonen.
2:33 of 2nd period - Stopped by Nathan Lieuwen with a rebound.
2:35 of 2nd period - Slapshot by Greg Zanon.
2:35 of 2nd period - Shot Blocked by Colin Smith.
2:37 of 2nd period - Slapshot by Martin Gernat.
2:37 of 2nd period - Stopped by Nathan Lieuwen with a rebound.
2:39 of 2nd period - Snap shot by Josh Lunden.
2:39 of 2nd period - Stopped by Nathan Lieuwen with a rebound.
2:53 of 2nd period - Snap shot by Colin Smith.
2:53 of 2nd period - Goal by Colin Smith - Ice Caps : 1 - Phantoms : 1.
2:54 of 2nd period - Greg McKegg wins face-off versus Bryan Lerg in neutral zone.
2:56 of 2nd period - Off-side.
2:57 of 2nd period - Bryan Lerg wins face-off versus Greg McKegg in neutral zone.
3:49 of 2nd period - Garnet Exelby is hit by Colin Smith and loses puck.
3:54 of 2nd period - Snap shot by Cody Beach.
3:54 of 2nd period - Stopped by Marek Mazanec without a rebound.
3:55 of 2nd period - Mark Van Guilder wins face-off versus Colin Smith in Phantoms zone.
4:09 of 2nd period - Snap shot by Mark Van Guilder.
4:09 of 2nd period - Shot Blocked by Joel Edmundson.
4:11 of 2nd period - Slapshot by Keegan Lowe.
4:11 of 2nd period - Stopped by Nathan Lieuwen with a rebound.
4:45 of 2nd period - Harri Pesonen is hit by Rasmus Rissanen and loses puck.
4:54 of 2nd period - Rylan Schwartz is hit by Keegan Lowe.
5:12 of 2nd period - Corey Cowick is hit by Zack FitzGerald and loses puck.
6:22 of 2nd period - Snap shot by Daniil Tarasov.
6:22 of 2nd period - Stopped by Marek Mazanec with a rebound.
6:42 of 2nd period - Garnet Exelby is hit by Scott Mayfield and loses puck.
7:37 of 2nd period - Off-side.
7:38 of 2nd period - Kory Nagy wins face-off versus Josh Lunden in neutral zone.
7:51 of 2nd period - Kory Nagy is hit by Josh Lunden and loses puck.
7:57 of 2nd period - Minor Penalty to Zack FitzGerald for Hooking.
7:58 of 2nd period - Greg McKegg wins face-off versus Mark Van Guilder in Phantoms zone.
8:04 of 2nd period - Snap shot by Daniil Tarasov.
8:04 of 2nd period - Deflect By Garret Ross.
8:04 of 2nd period - Stopped by Marek Mazanec with a rebound.
9:23 of 2nd period - Icing by Brandon Davidson.
9:24 of 2nd period - Mark Van Guilder wins face-off versus Rylan Schwartz in Ice Caps zone.
9:26 of 2nd period - Icing by Klas Dahlbeck.
9:27 of 2nd period - Rylan Schwartz wins face-off versus Harri Pesonen in Ice Caps zone.
9:57 of 2nd period - Penalty to Zack FitzGerald is over, Zack FitzGerald is back on ice.
10:16 of 2nd period - Kory Nagy is hit by Zack Stortini and loses puck.
10:23 of 2nd period - Snap shot by Bryan Lerg.
10:23 of 2nd period - Shot Blocked by Seth Helgeson.
10:42 of 2nd period - Josh Lunden beats up Seth Helgeson.
10:42 of 2nd period - Penalty to Josh Lunden for Fighting.
10:42 of 2nd period - Penalty to Seth Helgeson for Fighting.
10:43 of 2nd period - Chris Langkow wins face-off versus Colin Smith in neutral zone.
11:02 of 2nd period - Snap shot by Harri Pesonen.
11:02 of 2nd period - Shot Hit the Post.
11:04 of 2nd period - Slapshot by Martin Gernat.
11:04 of 2nd period - Shot Misses the Net.
11:49 of 2nd period - Garrett Wilson is hit by Greg McKegg and loses puck.
13:06 of 2nd period - Mark Van Guilder is hit by Cody Beach and loses puck.
13:30 of 2nd period - Garnet Exelby is hit by Cody Beach and loses puck.
13:51 of 2nd period - Rylan Schwartz is hit by Garnet Exelby.
14:09 of 2nd period - Kory Nagy is hit by Chris Langkow and loses puck.
14:58 of 2nd period - Denver Manderson is hit by Daniil Tarasov and loses puck.
15:22 of 2nd period - Daniil Tarasov is hit by Dmitrij Jaskin and loses puck.
15:34 of 2nd period - Icing by Martin Gernat.
15:35 of 2nd period - Colin Smith wins face-off versus Chris Langkow in Phantoms zone.
16:46 of 2nd period - Josh Lunden is hit by Kory Nagy and loses puck.
17:01 of 2nd period - Snap shot by Bryan Lerg.
17:01 of 2nd period - Shot Blocked by Seth Helgeson.
17:03 of 2nd period - Wrist shot by Garrett Wilson.
17:03 of 2nd period - Shot Misses the Net.
17:11 of 2nd period - Snap shot by Zack Stortini.
17:11 of 2nd period - Stopped by Nathan Lieuwen with a rebound.
17:27 of 2nd period - Snap shot by Bryan Lerg.
17:27 of 2nd period - Stopped by Nathan Lieuwen without a rebound.
17:28 of 2nd period - Bryan Lerg wins face-off versus Rylan Schwartz in Ice Caps zone.
18:05 of 2nd period - Wrist shot by Maxim Kitsyn.
18:05 of 2nd period - Shot Blocked by Dmitrij Jaskin.
18:07 of 2nd period - Snap shot by Greg McKegg.
18:07 of 2nd period - Shot Misses the Net.
18:09 of 2nd period - Snap shot by Riley Wetmore.
18:09 of 2nd period - Shot Blocked by Martin Gernat.
19:00 of 2nd period - Zack Stortini beats up Cody Beach.
19:00 of 2nd period - Penalty to Zack Stortini for Fighting.
19:00 of 2nd period - Penalty to Cody Beach for Fighting.
19:00 of 2nd period - Penalty to Zack Stortini for instigated a fight.
19:00 of 2nd period - Penalty to Zack Stortini for instigated a fight.
19:01 of 2nd period - Mark Van Guilder wins face-off versus Greg McKegg in Phantoms zone.
Goals for this period are 1 for Ice Caps vs 1 for Phantoms.
Shots for this period are 4 for Ice Caps vs 10 for Phantoms.

3rd period


0:01 of 3rd period - Greg McKegg wins face-off versus Mark Van Guilder in neutral zone.
0:06 of 3rd period - Wrist shot by Garret Ross.
0:06 of 3rd period - Stopped by Marek Mazanec with a rebound.
0:08 of 3rd period - Wrist shot by Brandon Davidson.
0:08 of 3rd period - Stopped by Marek Mazanec with a rebound.
0:22 of 3rd period - Snap shot by Garret Ross.
0:22 of 3rd period - Stopped by Marek Mazanec without a rebound.
0:23 of 3rd period - Rylan Schwartz wins face-off versus Mark Van Guilder in Phantoms zone.
0:38 of 3rd period - Wrist shot by Corey Cowick.
0:38 of 3rd period - Stopped by Marek Mazanec with a rebound.
0:46 of 3rd period - Snap shot by Kory Nagy.
0:46 of 3rd period - Deflect By Garnet Exelby.
0:46 of 3rd period - Shot Misses the Net.
0:46 of 3rd period - Puck is out of play.
0:47 of 3rd period - Greg McKegg wins face-off versus Mark Van Guilder in Phantoms zone.
1:00 of 3rd period - Penalty to Zack Stortini is over, Denver Manderson is send on ice.
1:06 of 3rd period - Snap shot by Garret Ross.
1:06 of 3rd period - Shot Blocked by Mark Van Guilder.
1:20 of 3rd period - Mark Van Guilder is hit by Greg McKegg and loses puck.
1:53 of 3rd period - Slapshot by Klas Dahlbeck.
1:53 of 3rd period - Stopped by Marek Mazanec with a rebound.
2:21 of 3rd period - Randy Jones is hit by Brandon Davidson and loses puck.
2:30 of 3rd period - Garnet Exelby is hit by Corey Cowick and loses puck.
3:14 of 3rd period - Snap shot by Daniil Tarasov.
3:14 of 3rd period - Stopped by Marek Mazanec without a rebound.
3:15 of 3rd period - Greg McKegg wins face-off versus Harri Pesonen in Phantoms zone.
3:16 of 3rd period - Wrist shot by Daniil Tarasov.
3:16 of 3rd period - Stopped by Marek Mazanec with a rebound.
3:18 of 3rd period - Wrist shot by Garret Ross.
3:18 of 3rd period - Shot Misses the Net.
3:51 of 3rd period - Wrist shot by Colin Smith.
3:51 of 3rd period - Shot Blocked by Garrett Wilson.
4:27 of 3rd period - Snap shot by Kory Nagy.
4:27 of 3rd period - Stopped by Marek Mazanec with a rebound.
4:29 of 3rd period - Slapshot by Joel Edmundson.
4:29 of 3rd period - Shot Misses the Net.
4:52 of 3rd period - Denver Manderson is hit by Rasmus Rissanen and loses puck.
5:48 of 3rd period - Slapshot by Garnet Exelby.
5:48 of 3rd period - Shot Misses the Net.
5:50 of 3rd period - Slapshot by Garnet Exelby.
5:50 of 3rd period - Shot Misses the Net.
5:52 of 3rd period - Slapshot by Josh Lunden.
5:52 of 3rd period - Stopped by Nathan Lieuwen with a rebound.
6:21 of 3rd period - Icing by Corey Cowick.
6:22 of 3rd period - Rylan Schwartz wins face-off versus Chris Langkow in Ice Caps zone.
6:49 of 3rd period - Wrist shot by Colin Smith.
6:49 of 3rd period - Deflect By Michael Schumacher.
6:49 of 3rd period - Stopped by Marek Mazanec with a rebound.
7:15 of 3rd period - Scott Mayfield is hit by Garnet Exelby and loses puck.
7:26 of 3rd period - Snap shot by Garnet Exelby.
7:26 of 3rd period - Stopped by Nathan Lieuwen with a rebound.
8:22 of 3rd period - Minor Penalty to Keegan Lowe for Roughing.
8:23 of 3rd period - Mark Van Guilder wins face-off versus Rylan Schwartz in Phantoms zone.
9:17 of 3rd period - Slapshot by Mark Van Guilder.
9:17 of 3rd period - Shot Blocked by Brandon Davidson.
9:56 of 3rd period - Snap shot by Scott Mayfield.
9:56 of 3rd period - Shot Misses the Net.
9:58 of 3rd period - Wrist shot by Kory Nagy.
9:58 of 3rd period - Shot Misses the Net.
10:22 of 3rd period - Penalty to Keegan Lowe is over, Keegan Lowe is back on ice.
10:40 of 3rd period - Cody Beach beats up Martin Gernat.
10:40 of 3rd period - Penalty to Martin Gernat for Fighting.
10:40 of 3rd period - Penalty to Cody Beach for Fighting.
10:41 of 3rd period - Colin Smith wins face-off versus Bryan Lerg in Phantoms zone.
10:50 of 3rd period - Snap shot by Colin Smith.
10:50 of 3rd period - Shot Misses the Net.
11:46 of 3rd period - Slapshot by Randy Jones.
11:46 of 3rd period - Stopped by Nathan Lieuwen with a rebound.
12:01 of 3rd period - Off-side.
12:02 of 3rd period - Chris Langkow wins face-off versus Greg McKegg in neutral zone.
12:51 of 3rd period - Slapshot by Klas Dahlbeck.
12:51 of 3rd period - Stopped by Marek Mazanec with a rebound.
13:47 of 3rd period - Zack FitzGerald is hit by Michael Schumacher and loses puck.
14:00 of 3rd period - 10 Minutes Misconduct Penalty to Zack Stortini is over.
14:50 of 3rd period - Minor Penalty to Rasmus Rissanen for Roughing.
14:51 of 3rd period - Bryan Lerg wins face-off versus Greg McKegg in Ice Caps zone.
14:59 of 3rd period - Wrist shot by Garrett Wilson.
14:59 of 3rd period - Shot Misses the Net.
15:28 of 3rd period - Garret Ross is hit by Dmitrij Jaskin and loses puck.
15:40 of 3rd period - Penalty to Cody Beach is over, Cody Beach is back on ice.
15:42 of 3rd period - Slapshot by Greg Zanon.
15:42 of 3rd period - Shot Blocked by Scott Mayfield.
15:44 of 3rd period - Snap shot by Bryan Lerg.
15:44 of 3rd period - Shot Blocked by Seth Helgeson.
15:46 of 3rd period - Wrist shot by Greg Zanon.
15:46 of 3rd period - Stopped by Nathan Lieuwen with a rebound.
15:48 of 3rd period - Snap shot by Bryan Lerg.
15:48 of 3rd period - Stopped by Nathan Lieuwen without a rebound.
15:49 of 3rd period - Bryan Lerg wins face-off versus Greg McKegg in Ice Caps zone.
16:05 of 3rd period - Icing by Randy Jones.
16:06 of 3rd period - Adam Lowry wins face-off versus Greg McKegg in Phantoms zone.
16:50 of 3rd period - Penalty to Rasmus Rissanen is over, Rasmus Rissanen is back on ice.
17:16 of 3rd period - Zack FitzGerald is hit by Scott Mayfield.
17:17 of 3rd period - Icing by Zack FitzGerald.
17:18 of 3rd period - Colin Smith wins face-off versus Mark Van Guilder in Phantoms zone.
17:48 of 3rd period - Minor Penalty to Zack FitzGerald for Roughing.
17:49 of 3rd period - Denver Manderson wins face-off versus Rylan Schwartz in Phantoms zone.
17:49 of 3rd period - Denver Manderson is hit by Rylan Schwartz.
18:20 of 3rd period - Josh Lunden is hit by Rylan Schwartz and loses puck.
18:48 of 3rd period - Snap shot by Daniil Tarasov.
18:48 of 3rd period - Goal by Daniil Tarasov - Ice Caps : 2 - Phantoms : 1.
18:49 of 3rd period - Colin Smith wins face-off versus Chris Langkow in neutral zone.
19:14 of 3rd period - Phantoms, Marek Mazanec is pulled from the net.
19:22 of 3rd period - Slapshot by Randy Jones.
19:22 of 3rd period - Shot Blocked by Cody Beach.
19:54 of 3rd period - Minor Penalty to Adam Lowry for Goalie Interference.
19:55 of 3rd period - Marek Mazanec from Phantoms was sent back in the game.
19:55 of 3rd period - Mark Van Guilder wins face-off versus Corey Cowick in Phantoms zone.
Goals for this period are 1 for Ice Caps vs 0 for Phantoms.
Shots for this period are 11 for Ice Caps vs 5 for Phantoms.


Output by the SimonT Hockey Simulator (STHS) for Eric Dolegowski -- Original Page W3C XHTML 1.0 Valid
Hockey Simulator - Hockey Simulation - Hockey Manager